Map: Prion Terraces

Players

lesha

  • Race: Terran Terran
  • League: Silver

GarilAip - Winner!

  • Race: Zerg Zerg
  • League: Silver

VOD

Have the link to the VOD?

Description

Time

  • Played on: Dec. 30, 2015, 9:05 a.m.
  • Length: 12:55
Show
View Real Time Build Order
Export as new Build Order

lesha Terran 

Build Orders: Reaper Expand, MMM Bio 

Get SALT Encoding   

  12  0:01  SCV  
  13  0:13  SCV  
  14  0:20  Supply Depot  
  14  0:25  SCV  
  15  0:42  Barracks  
  16  0:53  SCV  
  16  0:54  Refinery  
  16  1:05  SCV  
  17  1:17  SCV  
  18  1:32  Command Center  
  18  1:39  Reaper  
  19  1:40  Orbital Command  
  19  2:09  Barracks  
  19  2:10  SCV, Supply Depot  
  20  2:15  Factory  
  20  2:20  Marine  
  21  2:25  SCV  
  22  2:37  SCV  
  23  2:47  SCV  
  23  2:49  SCV  
  24  3:09  SCV x2  
  24  3:10  Barracks Reactor  
  24  3:12  Factory Reactor  
  26  3:13  Barracks Reactor  
  26  3:21  Refinery  
  26  3:22  Barracks  
  26  3:27  Barracks  
  26  3:31  SCV x2  
  28  3:47  SCV, Bunker  
  28  3:48  SCV  
  30  3:54  Marine x4  
  34  3:57  Supply Depot, Widow Mine  
  34  3:58  Supply Depot  
  36  4:03  Refinery  
  36  4:08  SCV  
  37  4:13  Orbital Command  
  37  4:20  Barracks Tech Lab  
  37  4:21  Barracks Reactor  
  37  4:29  SCV, Starport  
  37  4:30  Marine  
  39  4:32  Marine  
  39  4:37  Marine x2  
  42  4:39  Widow Mine  
  44  4:55  Stimpack  
  44  4:56  Marine x2  
  44  4:57  Marine x2  
  44  4:59  Marine x2  
  50  5:01  Marauder  
  50  5:06  SCV x2  
  54  5:18  SCV  
  55  5:21  Marine x4  
  55  5:22  Marine x2  
  55  5:24  Starport Reactor  
  55  5:26  SCV  
  62  5:50  SCV x2  
  62  5:53  Supply Depot  
  62  5:54  Supply Depot x2  
  62  5:56  Marine  
  62  5:57  Marine x3  
  65  5:59  Armory, Engineering Bay x2  
  65  6:01  Widow Mine  
  70  6:15  Marine x2, SCV x2, Marauder, Medivac x2  
  70  6:16  Marine  
  81  6:22  Refinery  
  81  6:27  SCV x2, Marine x3  
  86  6:33  Marine  
  86  6:37  Terran Infantry Weapons Level 1  
  87  6:47  Marine  
  88  6:56  Combat Shields  
  88  7:11  Marine  
  88  7:12  Marine x5  
  94  7:22  Supply Depot x2, Terran Infantry Armor Level 1  
  94  7:25  Supply Depot  
  94  7:43  Marauder, Medivac x2  
  85  8:05  Marine x4  
  80  8:06  Marine x3  
  87  8:20  Command Center  
  87  8:23  Medivac x2, Marine x2  
  87  8:26  Marine x2  
  95  8:32  Command Center  
  95  8:36  SCV x2  
  97  8:48  SCV x2  
  97  8:53  Medivac  
  101  8:59  Marine x4  
  101  9:00  Marine x2  
  101  9:01  Marauder  
  109  9:03  Medivac  
  109  9:09  Barracks  
  111  9:16  Barracks  
  111  9:19  Factory  
  111  9:23  Marine, Medivac  
  111  9:24  Factory  
  114  9:47  SCV  
  114  9:48  SCV  
  117  9:52  Orbital Command  
  117  9:55  Orbital Command  
  117  10:00  SCV  
  94  10:25  Marine x6  
  94  10:26  Marine  
  94  10:27  Medivac x2  
  103  10:43  Marine  
  103  10:48  Factory Tech Lab  
  103  10:49  Factory Tech Lab, Marine  
  104  10:50  Marine x3  
  104  10:56  Marauder  
  110  10:57  Medivac x2  
  114  11:04  SCV x2  
  114  11:05  SCV x2  
  118  11:16  SCV, Siege Tank x2  
  118  11:17  SCV x2, Marauder  
  129  11:19  Marine x6  
  129  11:25  Supply Depot  
  135  11:26  Supply Depot  
  135  11:29  Supply Depot  
  135  11:32  Supply Depot  
  135  11:36  Marine x2  
  135  11:37  Marine x2  
  135  11:38  Marauder  
  135  11:39  Viking x2  
  145  11:48  Siege Tank  
  145  11:49  Siege Tank, Marine  
  145  11:50  Marine  
  153  12:00  Marauder  
  155  12:21  Marauder  
  111  12:34  Marine x5  
  111  12:35  Marine  
Show
View Real Time Build Order
Export as new Build Order

GarilAip Zerg - Winner!

Build Orders: Hatch First 

Get SALT Encoding   

  12  0:02  Drone  
  13  0:10  Drone  
  14  0:21  Overlord  
  14  0:40  Drone x3  
  17  0:59  Drone  
  17  1:01  Hatchery  
  17  1:02  Drone  
  18  1:16  Spawning Pool  
  18  1:17  Drone  
  18  1:21  Extractor  
  17  1:27  Drone  
  18  1:46  Drone  
  19  1:47  Drone  
  20  1:56  Overlord  
  20  2:03  Queen  
  22  2:13  Queen  
  22  2:15  Drone x2  
  26  2:19  Zergling x2  
  27  2:37  Spine Crawler  
  27  2:43  Spine Crawler  
  24  2:49  Queen  
  26  2:55  Metabolic Boost  
  26  2:58  Queen  
  28  3:10  Drone x5  
  28  3:11  Drone  
  34  3:28  Roach Warren  
  34  3:30  Drone  
  34  3:31  Drone x2  
  34  3:33  Overlord  
  36  3:45  Lair  
  36  3:53  Drone x2  
  36  3:54  Drone x6  
  44  4:03  Overlord  
  44  4:23  Extractor  
  43  4:29  Extractor  
  43  4:30  Zergling x8  
  46  4:36  Hatchery  
  45  4:44  Glial Reconstitution  
  45  4:45  Overlord x2  
  45  4:48  Drone  
  45  4:49  Drone x2  
  45  4:52  Drone x2  
  50  4:54  Drone x2  
  52  5:09  Roach x2  
  52  5:10  Roach  
  58  5:19  Hatchery  
  57  5:27  Evolution Chamber  
  56  5:30  Evolution Chamber, Baneling Nest  
  54  5:40  Roach  
  54  5:41  Roach x2  
  60  5:45  Overlord x2  
  60  5:46  Overlord x2  
  60  5:54  Drone x4  
  64  6:01  Overlord x2  
  64  6:04  Extractor  
  63  6:14  Drone x4  
  63  6:15  Drone x3  
  70  6:22  Ravager x2  
  70  6:23  Ravager x4  
  70  6:25  Roach x4  
  84  6:30  Drone  
  84  6:32  Drone x2  
  87  6:39  Spore Crawler  
  86  6:40  Spore Crawler  
  86  6:45  Drone x3  
  86  6:46  Spore Crawler  
  87  6:49  Centrifical Hooks  
  87  6:51  Spore Crawler  
  86  7:09  Overlord x3  
  86  7:14  Drone x5  
  91  7:28  Spore Crawler  
  89  7:30  Spore Crawler  
  89  7:33  Baneling x5  
  89  7:34  Baneling x3  
  84  8:02  Overlord x4  
  84  8:06  Drone x5  
  84  8:08  Roach  
  84  8:09  Roach x7  
  84  8:10  Roach x4  
  113  8:22  Spire, Zerg Ground Armor Level 1  
  113  8:23  Zerg Missile Weapons Level 1  
  112  8:51  Hatchery  
  112  8:53  Spine Crawler  
  112  8:54  Extractor  
  112  8:55  Extractor  
  108  8:58  Spine Crawler  
  108  9:01  Roach x2  
  108  9:02  Roach x8  
  127  9:03  Roach x4  
  127  9:09  Extractor  
  134  9:10  Extractor  
  133  9:29  Drone  
  134  9:39  Zerg Flyer Weapons Level 1  
  134  9:46  Zergling x4  
  134  9:47  Zergling x14  
  134  9:48  Zergling x10  
  148  10:11  Baneling  
  148  10:12  Baneling x5  
  137  10:32  Overlord  
  137  10:33  Overlord x7  
  135  10:40  Drone x3  
  135  10:42  Drone x3  
  141  11:16  Overseer  
  141  11:17  Overseer  
  141  11:20  Drone x3  
  141  11:22  Drone x3  
  141  11:25  Zergling x14  
  153  11:26  Zergling x10  
  159  11:40  Infestation Pit  
  159  11:46  Mutalisk x6  
  159  11:47  Mutalisk x3  
Tags
 
Add a new tag
Caveats
  • Supply blocks, unpowered buildings, or Contaminate may cause inaccurate times.
  • Supply counts are checked every 10 seconds.